 Dungeon Crawl Stone Soup version 0.23.2-40-g277498a001 (webtiles) character file.

Game seed: 13194193070405037041

28298 Hylith the Cruncher (level 13, -2/101 HPs)
             Began as a Gnoll Wanderer on Sept 24, 2019.
             Was an Elder of Makhleb.
             Slain by a death yak (15 damage)
             ... on level 4 of the Lair of Beasts.
             The game lasted 00:36:37 (16415 turns).

Hylith the Cruncher (Gnoll Wanderer)               Turns: 16415, Time: 00:36:37

Health: -2/101     AC: 17    Str: 19 (20) XL:     13   Next: 37%
Magic:  0/25       EV: 13    Int: 15 (16) God:    Makhleb [****..]
Gold:   914        SH:  7    Dex: 10 (13) Spells: 28/28 levels left

rFire    . . .     SeeInvis .   D - +6 broad axe (vamp)
rCold    . . .     Gourm    .   L - +2 buckler
rNeg     . . .     Faith    .   b - +2 scale mail
rPois    +         Spirit   +   y - +0 helmet
rElec    .         Reflect  .   j - +2 cloak
rCorr    .         Harm     .   f - +0 pair of gloves
MR       .....                  k - +0 pair of boots
Stlth    ++........             v - amulet of guardian spirit
HPRegen  0.26/turn              n - ring of poison resistance
MPRegen  0.19/turn              (no ring)

@: no status effects
A: distributed training, fangs 1, strong nose
a: Minor Destruction, Lesser Servant of Makhleb, Major Destruction, Renounce
Religion


You were on level 4 of the Lair of Beasts.
You worshipped Makhleb.
Makhleb was greatly pleased with you.
You were not hungry.

You visited 3 branches of the dungeon, and saw 15 of its levels.
You also visited: Sewer.

You collected 914 gold pieces.

Inventory:

Hand Weapons
 g - a +2 whip of freezing
 r - a +2 long sword of holy wrath
 t - the +4 falchion "Momer" {flame, rElec Int+5}
   (You found it on level 5 of the Dungeon)

   It has been specially enchanted to burn those struck by it, causing extra
   injury to most foes and up to half again as much damage against particularly
   susceptible opponents.
   Big, fiery blades are also staple armaments of hydra-hunters.
   It affects your intelligence (+5).
   It insulates you from electricity.
 D - a +6 vampiric broad axe (weapon)
Missiles
 i - 12 tomahawks (quivered)
 O - 7 javelins of penetration
Armour
 b - a +2 scale mail (worn)
 f - a +0 pair of gloves (worn)
 j - a +2 cloak (worn)
 k - a +0 pair of boots (worn)
 y - a +0 helmet (worn)
 L - a +2 buckler (worn)
Jewellery
 n - a ring of poison resistance (left hand)
 v - an amulet of guardian spirit (around neck)
 P - an uncursed amulet of magic regeneration
Wands
 h - a wand of flame (25)
 B - a wand of digging (3)
Scrolls
 c - a scroll of fog
 e - 10 scrolls of teleportation
 m - 4 scrolls of magic mapping
 p - 2 scrolls of blinking {unknown}
 q - a scroll of amnesia {unknown}
 w - 4 scrolls of immolation
 x - 3 scrolls of remove curse
 C - a scroll of enchant armour {unknown}
 E - a scroll of fear {unknown}
 H - a scroll of silence {unknown}
 J - a scroll of torment {unknown}
 K - 5 scrolls of identify
 M - 2 scrolls of summoning {unknown}
 N - a scroll of vulnerability {unknown}
 R - a scroll of enchant weapon
Potions
 a - 3 potions of cancellation
 o - 6 potions of flight
 s - 2 potions of curing
 u - a potion of resistance
 z - a potion of haste
 A - a potion of might
 F - a potion of degeneration
 G - a potion of brilliance {unknown}
 I - 3 potions of lignification
 Q - a potion of agility
Comestibles
 d - 20 rations
 l - 6 chunks of flesh


   Skills:
 + Level 9.3 Fighting
 + Level 8.1 Short Blades
 + Level 8.1 Long Blades
 + Level 8.1 Axes
 + Level 8.5 Maces & Flails
 + Level 8.1 Polearms
 + Level 10.4 Staves
 + Level 8.1 Slings
 + Level 8.1 Bows
 + Level 8.1 Crossbows
 + Level 9.3 Throwing
 + Level 8.5 Armour
 + Level 8.5 Dodging
 + Level 8.1 Stealth
 + Level 8.1 Shields
 + Level 8.1 Unarmed Combat
 + Level 8.1 Spellcasting
 + Level 6.7 Conjurations
 + Level 6.7 Hexes
 + Level 6.7 Charms
 + Level 6.7 Summonings
 + Level 6.7 Necromancy
 + Level 6.7 Translocations
 + Level 6.7 Transmutations
 + Level 6.7 Fire Magic
 + Level 6.7 Ice Magic
 + Level 6.7 Air Magic
 + Level 6.7 Earth Magic
 + Level 6.7 Poison Magic
 + Level 8.9 Invocations
 + Level 8.1 Evocations


You had 28 spell levels left.
You didn't know any spells.
Your spell library was empty.

Dungeon Overview and Level Annotations

Branches:
Dungeon (10/15)            Temple (1/1) D:6            Lair (4/6) D:8
 Shoals (0/4) Lair:3        Snake (0/4) Lair:4
    Orc: D:9-12

Altars:
Cheibriados
Dithmenos
Elyvilon
Fedhas
Gozag
Hepliaklqana
Kikubaaqudgha
Makhleb
Nemelex Xobeh
Qazlal
Ru
Sif Muna
Trog
Uskayaw
Vehumet
Wu Jian
Xom
Yredelemnul
Zin
The Shining One

Annotations:
D:4 Eustachio
D:9 1 runed translucent door, tamionv's ghost, novice GrFi
D:10 3 runed translucent doors, Cykl0x's ghost, journeyman FoFi; Walther's ghost, novice MiMo; scorp85's ghost, novice TrWr; weresquid's ghost, journeyman MiGl


Innate Abilities, Weirdness & Mutations

Your experience applies equally to all skills.
You have very sharp teeth.
Your uncanny sense of smell can sniff out nearby items.


Message History

The death yak gores you!!
* * * LOW HITPOINT WARNING * * *
The death yak misses you.
The death yak gores the plant!
Things that are here:
an elephant skeleton x2
It was a potion of degeneration.
There was something very wrong with that liquid.
You feel weakened.
You feel dopey.
You feel clumsy. The death yak closely misses you.
You hit the death yak but do no damage. You bite the death yak.
The death yak is lightly wounded.
You block the death yak's attack.
You slash the death yak!
You feel better.
You bite the death yak, but do no damage.
The death yak is lightly wounded.
You slash the death yak! The death yak barely misses you.
The death yak misses you. You block the death yak's attack.
The death yak gores you!!
You die...

...............)..........P###
......).........)........###
#........................#
##......................##
#......#.....÷.PP###P###
###P#.P#.......### ###
###.##.......# ####......Y##
##.....Y@## #.......÷.#
#......[### #.......#
#########


You could see 2 death yaks.

Vanquished Creatures
  Rupert (Lair:3)
  2 hydras
  6 death yaks
  3 two-headed ogres (D:10)
  Urug (Lair:3)
  Pikel (D:7)
  A centaur zombie (D:7)
  A black mamba (Lair:3)
  Psyche (D:10)
  6 elephants (Lair:4)
  7 spiny frogs
  A rime drake (Lair:2)
  3 polar bears
  2 merfolk (Lair:3)
  A troll (D:9)
  A hornet (D:5)
  2 hippogriffs
  5 blink frogs (Lair:3)
  2 spriggans (Lair:4)
  13 yaks
  Grum (D:10)
  Menkaure (D:7)
  7 water moccasins
  3 porcupines
  4 black bears
  An orc warrior (D:9)
  3 ice beasts
  A slave (D:7)
  A necrophage (D:10)
  A sky beast (D:9)
  8 ogres
  15 wolves
  A centaur (D:9)
  6 crocodiles
  Blork the orc (D:4)
  A big kobold (D:8)
  6 bullfrogs
  A gnoll sergeant (D:5)
  A hornet simulacrum (D:9)
  4 scorpions
  10 killer bees
  13 wights
  2 electric eels (D:9)
  4 howler monkeys
  A crimson imp (D:8)
  A bullfrog zombie (D:8)
  2 hounds (D:9)
  Crazy Yiuf (D:4)
  A gnoll shaman (D:7)
  6 orc priests
  Ijyb (D:3)
  A bullfrog skeleton (D:6)
  3 iguanas
  4 jellies
  5 orc wizards
  7 worker ants
  2 merfolk sirens
  A merfolk avatar (Sewer)
  A hound zombie (D:7)
  A worker ant zombie (D:10)
  14 adders
  8 gnolls
  2 river rats (Sewer)
  A shadow imp (D:6)
  A white imp (D:9)
  6 oozes
  An adder skeleton (D:6)
  2 worms (D:5)
  A dart slug (D:1)
  6 leopard geckos
  33 orcs
  6 giant cockroaches
  8 goblins
  10 hobgoblins
  19 jackals
  2 quokkas
  5 ball pythons
  10 bats
  8 frilled lizards
  8 kobolds
  24 rats
369 creatures vanquished.

Vanquished Creatures (collateral kills)
  A water moccasin (Lair:3)
1 creature vanquished.

Vanquished Creatures (others)
  2 slaves (D:7)
  A gnoll (D:7)
  A quokka zombie (D:7)
  A fungus (Lair:3)
  2 plants
7 creatures vanquished.

Grand Total: 377 creatures vanquished

Notes
Turn   | Place    | Note
-------+----------+-------------------------------------------
     0 | D:1      | Hylith the Gnoll Wanderer began the quest for the Orb.
     0 | D:1      | Hylith set off with the following items: a +0 quarterstaff,
                  | a +2 scale mail, a potion of lignification, a ration
     0 | D:1      | Reached XP level 1. HP: 20/20 MP: 1/1
   108 | D:1      | Reached XP level 2. HP: 9/26 MP: 2/2
   504 | D:1      | Reached XP level 3. HP: 28/31 MP: 3/3
   839 | D:2      | Reached skill level 1 in Invocations
  1136 | D:2      | Reached skill level 1 in Short Blades
  1136 | D:2      | Reached skill level 1 in Long Blades
  1136 | D:2      | Reached skill level 1 in Axes
  1136 | D:2      | Reached skill level 1 in Polearms
  1136 | D:2      | Reached skill level 1 in Slings
  1136 | D:2      | Reached skill level 1 in Bows
  1136 | D:2      | Reached skill level 1 in Crossbows
  1136 | D:2      | Reached skill level 1 in Stealth
  1136 | D:2      | Reached skill level 1 in Shields
  1136 | D:2      | Reached skill level 1 in Unarmed Combat
  1136 | D:2      | Reached skill level 1 in Spellcasting
  1136 | D:2      | Reached skill level 1 in Evocations
  1136 | D:2      | Reached XP level 4. HP: 36/38 MP: 5/5
  1181 | D:2      | Found a shadowy altar of Dithmenos.
  1416 | D:3      | Reached skill level 1 in Conjurations
  1416 | D:3      | Reached skill level 1 in Hexes
  1416 | D:3      | Reached skill level 1 in Charms
  1416 | D:3      | Reached skill level 1 in Summonings
  1416 | D:3      | Reached skill level 1 in Necromancy
  1416 | D:3      | Reached skill level 1 in Translocations
  1416 | D:3      | Reached skill level 1 in Transmutations
  1416 | D:3      | Reached skill level 1 in Fire Magic
  1416 | D:3      | Reached skill level 1 in Ice Magic
  1416 | D:3      | Reached skill level 1 in Air Magic
  1416 | D:3      | Reached skill level 1 in Earth Magic
  1416 | D:3      | Reached skill level 1 in Poison Magic
  1715 | D:3      | Reached XP level 5. HP: 23/43 MP: 6/6
  2494 | D:3      | Reached XP level 6. HP: 30/50 MP: 8/8
  2701 | D:3      | Noticed Ijyb
  2711 | D:3      | Paralysed by Ijyb for 7 turns
  2726 | D:3      | Paralysed by Ijyb for 7 turns
  2735 | D:3      | Paralysed by Ijyb for 6 turns
  2746 | D:3      | Paralysed by Ijyb for 3 turns
  2752 | D:3      | Killed Ijyb
  3180 | D:4      | Noticed Blork the orc
  3184 | D:4      | Reached skill level 5 in Fighting
  3184 | D:4      | Reached skill level 5 in Throwing
  3199 | D:4      | Killed Blork the orc
  3244 | D:4      | Reached XP level 7. HP: 18/56 MP: 10/10
  3516 | D:4      | Noticed Eustachio
  3561 | D:4      | Reached skill level 7 in Staves
  3691 | D:4      | Found a runed translucent door.
  3692 | D:4      | Noticed Crazy Yiuf
  3706 | D:4      | Killed Crazy Yiuf
  4101 | D:5      | Entered Level 5 of the Dungeon
  4240 | D:5      | Noticed a hornet
  4247 | D:5      | Killed a hornet
  4247 | D:5      | Reached XP level 8. HP: 22/63 MP: 5/12
  4562 | D:5      | Found a glowing drain.
  4586 | Sewer    | Entered a sewer
  5096 | D:5      | Got a faintly glowing falchion
  5097 | D:5      | Identified the +4 falchion "Momer" {flame, rElec Int+5}
                  | (You found it on level 5 of the Dungeon)
  5287 | D:5      | Found a hazy altar of Hepliaklqana.
  6008 | D:6      | Found a burning altar of Makhleb.
  6008 | D:6      | Noticed a blizzard demon
  6027 | D:6      | Found a staircase to the Ecumenical Temple.
  6061 | Temple   | Entered the Ecumenical Temple
  6372 | Temple   | Became a worshipper of Makhleb the Destroyer
  6776 | D:7      | Noticed Menkaure
  6815 | D:7      | Noticed Pikel
  6825 | D:7      | Killed Pikel
  6825 | D:7      | Reached XP level 9. HP: 64/69 MP: 14/14
  7140 | D:7      | Killed Menkaure
  7140 | D:7      | Reached skill level 5 in Maces & Flails
  7140 | D:7      | Reached skill level 5 in Armour
  7140 | D:7      | Reached skill level 5 in Dodging
  7271 | D:7      | Reached * piety under Makhleb
  7653 | D:7      | Reached skill level 8 in Staves
  7754 | D:8      | Noticed a death yak
  7754 | D:8      | Noticed a death yak
  7820 | D:7      | Killed a death yak
  7820 | D:7      | Reached skill level 5 in Invocations
  7820 | D:7      | Reached XP level 10. HP: 33/77 MP: 7/17
  8121 | D:7      | Killed a death yak
  8121 | D:7      | Reached skill level 5 in Short Blades
  8121 | D:7      | Reached skill level 5 in Long Blades
  8121 | D:7      | Reached skill level 5 in Axes
  8121 | D:7      | Reached skill level 5 in Polearms
  8121 | D:7      | Reached skill level 5 in Slings
  8121 | D:7      | Reached skill level 5 in Bows
  8121 | D:7      | Reached skill level 5 in Crossbows
  8121 | D:7      | Reached skill level 5 in Stealth
  8121 | D:7      | Reached skill level 5 in Shields
  8121 | D:7      | Reached skill level 5 in Unarmed Combat
  8121 | D:7      | Reached skill level 5 in Spellcasting
  8121 | D:7      | Reached skill level 5 in Evocations
  8501 | D:8      | Noticed a death yak
  8926 | D:8      | Found a staircase to the Lair.
  9024 | D:8      | Killed a death yak
  9504 | D:9      | Found a runed translucent door.
  9505 | D:9      | Found a shimmering altar of Xom.
  9505 | D:9      | Noticed tamionv's ghost (novice GrFi)
  9506 | D:9      | Noticed a +1 quarterstaff of chaos
  9633 | D:9      | Reached XP level 11. HP: 44/84 MP: 6/19
  9649 | D:9      | Reached ** piety under Makhleb
  9678 | D:9      | HP: 4/84 [hornet simulacrum (12)]
  9846 | D:9      | Noticed a death yak
  9866 | D:9      | Killed a death yak
  9866 | D:9      | Reached skill level 9 in Staves
 10237 | D:10     | Entered Level 10 of the Dungeon
 10320 | D:10     | Noticed a two-headed ogre
 10553 | D:10     | Reached skill level 5 in Conjurations
 10553 | D:10     | Reached skill level 5 in Hexes
 10553 | D:10     | Reached skill level 5 in Charms
 10553 | D:10     | Reached skill level 5 in Summonings
 10553 | D:10     | Reached skill level 5 in Necromancy
 10553 | D:10     | Reached skill level 5 in Translocations
 10553 | D:10     | Reached skill level 5 in Transmutations
 10553 | D:10     | Reached skill level 5 in Fire Magic
 10553 | D:10     | Reached skill level 5 in Ice Magic
 10553 | D:10     | Reached skill level 5 in Air Magic
 10553 | D:10     | Reached skill level 5 in Earth Magic
 10553 | D:10     | Reached skill level 5 in Poison Magic
 10786 | D:10     | Noticed a two-headed ogre
 10802 | D:10     | Killed a two-headed ogre
 11174 | D:10     | Killed a two-headed ogre
 11210 | D:10     | Noticed a two-headed ogre
 11218 | D:10     | Killed a two-headed ogre
 11339 | D:10     | Found a runed translucent gate.
 11339 | D:10     | Found a runed translucent gate.
 11339 | D:10     | Found a runed translucent gate.
 11341 | D:10     | Noticed scorp85's ghost (novice TrWr)
 11341 | D:10     | Noticed Cykl0x's ghost (journeyman FoFi)
 11342 | D:10     | Noticed Walther's ghost (novice MiMo)
 11342 | D:10     | Noticed weresquid's ghost (journeyman MiGl)
 11395 | D:10     | Noticed Psyche
 11412 | D:10     | Killed Psyche
 11548 | D:10     | Noticed Grum
 11864 | D:10     | Killed Grum
 12228 | Lair:1   | Entered Level 1 of the Lair of Beasts
 12482 | Lair:1   | Reached *** piety under Makhleb
 12493 | Lair:1   | Reached XP level 12. HP: 93/93 MP: 11/22
 13836 | Lair:2   | Noticed a six-headed hydra
 13846 | Lair:2   | Killed a one-headed hydra
 14359 | Lair:3   | Noticed Rupert
 14958 | Lair:3   | Noticed Urug
 15077 | Lair:3   | Killed Urug
 15194 | Lair:3   | Paralysed by Rupert for 3 turns
 15218 | Lair:3   | Killed Rupert
 15218 | Lair:3   | Reached skill level 10 in Staves
 15569 | Lair:3   | Reached XP level 13. HP: 86/101 MP: 19/24
 15932 | Lair:3   | Found a staircase to the Shoals.
 15985 | Lair:4   | Found a staircase to the Snake Pit.
 16185 | Lair:4   | Reached **** piety under Makhleb
 16415 | Lair:4   | Slain by a death yak

Skill      XL: |  1  2  3  4  5  6  7  8  9 10 11 12 13 |
---------------+----------------------------------------+-----
Invocations    | 1 2 3 4 5 6 7 8 |  8.9
Short Blades   | 1 2 3 4 5 6 7 8 |  8.1
Long Blades    | 1 2 3 4 5 6 7 8 |  8.1
Axes           | 1 2 3 4 5 6 7 8 |  8.1
Polearms       | 1 2 3 4 5 6 7 8 |  8.1
Slings         | 1 2 3 4 5 6 7 8 |  8.1
Bows           | 1 2 3 4 5 6 7 8 |  8.1
Crossbows      | 1 2 3 4 5 6 7 8 |  8.1
Stealth        | 1 2 3 4 5 6 7 8 |  8.1
Shields        | 1 2 3 4 5 6 7 8 |  8.1
Unarmed Combat | 1 2 3 4 5 6 7 8 |  8.1
Spellcasting   | 1 2 3 4 5 6 7 8 |  8.1
Evocations     | 1 2 3 4 5 6 7 8 |  8.1
Conjurations   | 1 2 3 4 5 6 |  6.7
Hexes          | 1 2 3 4 5 6 |  6.7
Charms         | 1 2 3 4 5 6 |  6.7
Summonings     | 1 2 3 4 5 6 |  6.7
Necromancy     | 1 2 3 4 5 6 |  6.7
Translocations | 1 2 3 4 5 6 |  6.7
Transmutations | 1 2 3 4 5 6 |  6.7
Fire Magic     | 1 2 3 4 5 6 |  6.7
Ice Magic      | 1 2 3 4 5 6 |  6.7
Air Magic      | 1 2 3 4 5 6 |  6.7
Earth Magic    | 1 2 3 4 5 6 |  6.7
Poison Magic   | 1 2 3 4 5 6 |  6.7
Maces & Flails | 3 4 5 6 7 8 |  8.5
Armour         | 3 4 5 6 7 8 |  8.5
Dodging        | 3 4 5 6 7 8 |  8.5
Fighting       | 5 6 7 8 9 |  9.3
Throwing       | 5 6 7 8 9 |  9.3
Staves         | 7 8 9 10 | 10.4

Action                   |  1- 3 |  4- 6 |  7- 9 | 10-12 | 13-15 || total
-------------------------+-------+-------+-------+-------+-------++-------
Melee: Quarterstaff      |   130 |       |       |       |       ||   130
       Bite              |    18 |    36 |    49 |   105 |    27 ||   235
       Whip              |    14 |   144 |       |       |       ||   158
       Long sword        |       |    30 |       |       |       ||    30
       Falchion          |       |    85 |   430 |   548 |    57 ||  1120
       Broad axe         |       |       |       |   152 |   117 ||   269
Throw: Tomahawk          |       |       |     7 |    22 |       ||    29
Invok: Lesser Servant of |       |       |       |     1 |       ||     1
Evoke: Wand              |       |       |     9 |     5 |       ||    14
  Use: Potion            |       |     2 |     1 |     3 |     1 ||     7
       Scroll            |       |       |    11 |     5 |     1 ||    17
 Stab: Distracted        |       |       |     2 |       |       ||     2
       Sleeping          |       |       |       |     3 |       ||     3
       Invisible         |       |       |       |     1 |       ||     1
  Eat: Chunk             |     1 |     7 |    12 |    16 |     1 ||    37
       Ration            |       |       |     1 |     6 |     2 ||     9
Armor: Scale mail        |   113 |   146 |   182 |   340 |   140 ||   921
       Skin              |       |    18 |       |       |       ||    18
Dodge: Dodged            |   126 |   127 |   223 |   592 |   178 ||  1246
Block: Buckler           |     6 |    50 |    95 |   249 |   116 ||   516
       Rpst.: Long sword |       |    10 |       |       |       ||    10
       Falchion          |       |     7 |    63 |   124 |    13 ||   207
